[ AOE2 MATCH · #505835857 ]
UnrankedTurks vs Cumans
Player's team · LOSS
Rival team · WIN
[ REPLAY ANALYSIS · EXTRACTED FROM THE RECORDED GAME ]
Feudal
9:15
Castle
23:15
Imperial
46:24
| APM avg | 128.6 |
| APM peak | 242 |
| eAPM avg | 58.4 |
| Villagers / military | 200 / 277 |
Focus
⚔️ 66.9% · 🌾 33.1%
Scout Cavalry ×116 · Cavalry Archer ×105 · Archer ×23 · Camel Scout ×21 · Trebuchet (Packed) ×4 · Militia ×3
Feudal
8:51
Castle
26:14
Imperial
46:21
| APM avg | 85.2 |
| APM peak | 119 |
| eAPM avg | 44.0 |
| Villagers / military | 212 / 295 |
Focus
⚔️ 62.6% · 🌾 37.4%
Kipchak ×109 · Scout Cavalry ×92 · Skirmisher ×40 · Knight ×25 · Archer ×11 · Trebuchet (Packed) ×10
Match map
Initial resources + every placement click. Lines = walls · curves = elevation contours. ◆ gold · ⬟ stone · ● berries · ✦ relic · ◌ wall gap
Your base· Open — unwalled flank
_Hallis's base· Open — 3t gap
Smoothed initial terrain · ◌ = detected wall gap · hover for details
Inputs per minute
— Itz_Zenta - - _Hallis
Build order — Itz_Zenta
First 150 of 741 actions detected
| 0:00 | Create | Villager (Male) |
| 0:00 | Create | Villager (Male) |
| 0:01 | Create | Villager (Male) |
| 0:02 | Build | House |
| 0:02 | Build | House |
| 0:14 | Create | Villager (Male) |
| 1:12 | Create | Villager (Male) |
| 1:12 | Create | Villager (Male) |
| 1:37 | Create | Villager (Male) |
| 2:06 | Create | Villager (Male) |
| 2:23 | Build | Lumber Camp |
| 2:42 | Create | Villager (Male) |
| 2:43 | Create | Villager (Male) |
| 3:00 | Create | Villager (Male) |
| 3:33 | Create | Villager (Male) |
| 3:49 | Build | House |
| 3:50 | Build | House |
| 3:57 | Build | House |
| 3:59 | Build | House |
| 4:02 | Create | Villager (Male) |
| 4:31 | Create | Villager (Male) |
| 4:54 | Create | Villager (Male) |
| 5:04 | Build | Mill |
| 5:23 | Create | Villager (Male) |
| 5:40 | Create | Villager (Male) |
| 6:05 | Create | Villager (Male) |
| 6:07 | Research | Loom |
| 6:47 | Build | Barracks |
| 7:03 | Research | Feudal Age |
| 7:45 | Build | Mining Camp |
| 7:47 | Create | Militia |
| 7:47 | Create | Militia |
| 7:49 | Build | Palisade Wall |
| 8:18 | Create | Militia |
| 8:41 | Create | Villager (Male) |
| 9:13 | Build | Palisade Gate |
| 9:15 | Build | Palisade Gate |
| 9:15 | Age | Feudal Age |
| 9:21 | Build | Archery Range |
| 9:23 | Research | Man-at-Arms (upgrade) |
| 9:36 | Create | Villager (Male) |
| 9:59 | Create | Villager (Male) |
| 10:00 | Research | Double-Bit Axe |
| 10:01 | Create | Archer |
| 10:05 | Build | House |
| 10:25 | Build | Mill |
| 10:31 | Create | Villager (Male) |
| 10:36 | Create | Villager (Male) |
| 10:45 | Create | Archer |
| 10:46 | Create | Villager (Male) |
| 11:09 | Build | Watch Tower |
| 11:15 | Create | Villager (Male) |
| 11:17 | Build | Farm |
| 11:24 | Create | Archer |
| 11:35 | Create | Spearman |
| 11:39 | Build | House |
| 11:49 | Create | Villager (Male) |
| 12:07 | Build | Watch Tower |
| 12:09 | Create | Archer |
| 12:10 | Build | Farm |
| 12:16 | Build | Farm |
| 12:25 | Create | Villager (Male) |
| 12:38 | Build | Farm |
| 12:45 | Build | Mining Camp |
| 12:46 | Create | Villager (Male) |
| 12:55 | Create | Archer |
| 13:04 | Build | House |
| 13:16 | Create | Villager (Male) |
| 13:40 | Build | Farm |
| 13:45 | Create | Archer |
| 13:47 | Build | Farm |
| 13:53 | Build | House |
| 14:02 | Create | Villager (Male) |
| 14:12 | Build | Palisade Wall |
| 14:13 | Build | Palisade Wall |
| 14:22 | Create | Villager (Male) |
| 14:24 | Build | Blacksmith |
| 14:38 | Create | Villager (Male) |
| 14:55 | Create | Villager (Male) |
| 14:57 | Create | Archer |
| 14:59 | Build | Farm |
| 15:09 | Research | Fletching |
| 15:09 | Research | Fletching |
| 15:35 | Create | Villager (Male) |
| 15:36 | Build | Stable |
| 15:44 | Create | Archer |
| 15:54 | Build | Watch Tower |
| 16:03 | Build | Watch Tower |
| 16:04 | Create | Villager (Male) |
| 16:45 | Create | Archer |
| 16:49 | Create | Villager (Male) |
| 16:52 | Build | Farm |
| 16:54 | Build | Farm |
| 16:55 | Build | Farm |
| 16:56 | Build | Farm |
| 16:59 | Create | Scout Cavalry |
| 16:59 | Create | Scout Cavalry |
| 17:00 | Create | Archer |
| 17:06 | Create | Villager (Male) |
| 17:17 | Create | Villager (Male) |
| 17:38 | Build | Palisade Wall |
| 18:02 | Create | Villager (Male) |
| 18:05 | Create | Scout Cavalry |
| 18:17 | Build | House |
| 18:23 | Create | Archer |
| 18:23 | Create | Villager (Male) |
| 18:25 | Build | Farm |
| 18:27 | Build | Market |
| 18:35 | Build | Farm |
| 18:40 | Build | Farm |
| 18:42 | Build | House |
| 18:51 | Build | Watch Tower |
| 18:59 | Create | Archer |
| 19:00 | Create | Villager (Male) |
| 19:01 | Create | Villager (Male) |
| 19:03 | Build | House |
| 19:05 | Build | Palisade Wall |
| 19:16 | Build | House |
| 19:21 | Create | Archer |
| 19:27 | Create | Scout Cavalry |
| 20:16 | Create | Archer |
| 20:17 | Create | Scout Cavalry |
| 20:20 | Build | House |
| 20:23 | Create | Villager (Male) |
| 20:35 | Research | Castle Age |
| 20:40 | Create | Archer |
| 20:48 | Build | Lumber Camp |
| 21:09 | Research | Gold Mining |
| 21:09 | Research | Gold Mining |
| 21:13 | Research | Horse Collar |
| 21:24 | Build | Farm |
| 21:31 | Create | Scout Cavalry |
| 21:41 | Create | Archer |
| 21:44 | Build | Farm |
| 21:59 | Build | Watch Tower |
| 22:27 | Create | Archer |
| 22:28 | Create | Villager (Male) |
| 22:31 | Build | Farm |
| 23:04 | Create | Villager (Male) |
| 23:15 | Age | Castle Age |
| 23:18 | Build | Siege Workshop |
| 23:19 | Create | Cavalry Archer |
| 23:21 | Research | Bodkin Arrow |
| 23:21 | Research | Bodkin Arrow |
| 23:22 | Research | Crossbowman (upgrade) |
| 23:31 | Build | Archery Range |
| 23:37 | Build | Palisade Wall |
| 23:38 | Build | Palisade Wall |
| 23:38 | Build | Palisade Wall |
| 23:38 | Build | Palisade Wall |
Build order — _Hallis
First 150 of 779 actions detected
| 0:00 | Create | Villager (Male) |
| 0:01 | Create | Villager (Male) |
| 0:01 | Create | Villager (Male) |
| 0:02 | Build | House |
| 0:03 | Build | House |
| 0:10 | Create | Villager (Male) |
| 1:23 | Create | Villager (Male) |
| 1:54 | Build | Lumber Camp |
| 1:58 | Create | Villager (Male) |
| 2:14 | Create | Villager (Male) |
| 2:43 | Create | Villager (Male) |
| 3:05 | Create | Villager (Male) |
| 3:24 | Build | House |
| 3:38 | Create | Villager (Male) |
| 3:44 | Build | Palisade Wall |
| 3:49 | Create | Villager (Male) |
| 4:16 | Create | Villager (Male) |
| 4:28 | Build | Mill |
| 4:46 | Create | Villager (Male) |
| 5:10 | Create | Villager (Male) |
| 5:31 | Create | Villager (Male) |
| 5:57 | Research | Loom |
| 6:40 | Research | Feudal Age |
| 7:02 | Create | Villager (Male) |
| 7:14 | Build | House |
| 7:32 | Build | Palisade Wall |
| 7:33 | Build | Palisade Wall |
| 7:37 | Build | Palisade Wall |
| 7:39 | Build | Palisade Wall |
| 7:56 | Build | Palisade Wall |
| 8:21 | Create | Villager (Male) |
| 8:51 | Age | Feudal Age |
| 8:53 | Build | Town Center |
| 8:55 | Research | Double-Bit Axe |
| 9:02 | Create | Villager (Male) |
| 9:21 | Create | Villager (Male) |
| 9:34 | Build | House |
| 9:44 | Build | Palisade Wall |
| 9:45 | Build | Palisade Wall |
| 9:47 | Build | Palisade Wall |
| 9:48 | Build | Palisade Wall |
| 9:49 | Build | Palisade Wall |
| 9:59 | Create | Villager (Male) |
| 10:28 | Build | Palisade Wall |
| 10:31 | Build | Palisade Wall |
| 10:32 | Build | Palisade Wall |
| 10:38 | Create | Villager (Male) |
| 10:46 | Create | Villager (Male) |
| 10:48 | Create | Villager (Male) |
| 10:52 | Build | Barracks |
| 10:58 | Create | Villager (Male) |
| 11:07 | Build | Farm |
| 11:08 | Build | Farm |
| 11:10 | Create | Villager (Male) |
| 11:16 | Build | Palisade Wall |
| 11:17 | Build | Palisade Wall |
| 11:18 | Build | Palisade Wall |
| 11:30 | Build | Farm |
| 11:32 | Build | Farm |
| 11:33 | Create | Villager (Male) |
| 11:44 | Create | Villager (Male) |
| 12:00 | Build | Archery Range |
| 12:10 | Create | Villager (Male) |
| 12:15 | Build | House |
| 12:20 | Build | Farm |
| 12:28 | Create | Villager (Male) |
| 12:35 | Create | Skirmisher |
| 12:40 | Build | Palisade Wall |
| 12:46 | Create | Villager (Male) |
| 12:48 | Build | Farm |
| 12:55 | Build | Farm |
| 13:02 | Create | Villager (Male) |
| 13:03 | Create | Skirmisher |
| 13:07 | Create | Villager (Male) |
| 13:12 | Build | House |
| 13:21 | Build | Farm |
| 13:25 | Create | Skirmisher |
| 13:33 | Create | Skirmisher |
| 13:51 | Build | Lumber Camp |
| 13:52 | Create | Villager (Male) |
| 14:00 | Build | House |
| 14:03 | Create | Villager (Male) |
| 14:12 | Create | Villager (Male) |
| 14:17 | Create | Villager (Male) |
| 14:19 | Build | House |
| 14:23 | Create | Villager (Male) |
| 14:35 | Research | Town Watch |
| 14:38 | Create | Villager (Male) |
| 14:57 | Create | Skirmisher |
| 15:06 | Build | Farm |
| 15:06 | Create | Villager (Male) |
| 15:07 | Create | Skirmisher |
| 15:15 | Create | Archer |
| 15:17 | Create | Villager (Male) |
| 15:34 | Create | Archer |
| 15:34 | Create | Villager (Male) |
| 15:37 | Build | House |
| 15:44 | Create | Villager (Male) |
| 15:46 | Build | Farm |
| 15:47 | Build | Farm |
| 15:49 | Create | Villager (Male) |
| 15:59 | Build | House |
| 16:05 | Build | Blacksmith |
| 16:26 | Create | Villager (Male) |
| 16:27 | Create | Skirmisher |
| 16:33 | Create | Villager (Male) |
| 16:51 | Create | Villager (Male) |
| 16:53 | Create | Villager (Male) |
| 17:00 | Create | Archer |
| 17:07 | Create | Villager (Male) |
| 17:10 | Build | Farm |
| 17:36 | Create | Villager (Male) |
| 17:37 | Create | Villager (Male) |
| 17:39 | Create | Skirmisher |
| 17:46 | Create | Villager (Male) |
| 17:48 | Create | Villager (Male) |
| 17:50 | Build | Farm |
| 17:51 | Build | Farm |
| 17:54 | Create | Skirmisher |
| 18:08 | Create | Archer |
| 18:11 | Research | Fletching |
| 18:20 | Create | Villager (Male) |
| 18:21 | Build | Farm |
| 18:21 | Build | Farm |
| 18:22 | Build | Farm |
| 18:22 | Build | Farm |
| 18:23 | Create | Skirmisher |
| 18:35 | Build | Archery Range |
| 18:36 | Create | Villager (Male) |
| 18:46 | Create | Villager (Male) |
| 18:52 | Build | House |
| 18:53 | Build | House |
| 18:55 | Create | Villager (Male) |
| 18:58 | Build | Farm |
| 19:00 | Build | Farm |
| 19:01 | Build | Farm |
| 19:02 | Create | Archer |
| 19:05 | Build | House |
| 19:12 | Create | Villager (Male) |
| 19:18 | Create | Spearman |
| 19:22 | Build | House |
| 19:23 | Create | Archer |
| 19:29 | Create | Spearman |
| 19:30 | Create | Spearman |
| 19:36 | Create | Archer |
| 19:43 | Create | Archer |
| 19:48 | Create | Villager (Male) |
| 19:53 | Create | Archer |
| 19:56 | Create | Villager (Male) |
| 20:01 | Create | Archer |
Match timeline
| 3:44 | _Hallis · wall_segment Palisade Wall x1 |
| 6:47 | Itz_Zenta · first_building Barracks |
| 7:32 | _Hallis · wall_segment Palisade Wall x1 |
| 7:33 | _Hallis · wall_segment Palisade Wall x1 |
| 7:37 | _Hallis · wall_segment Palisade Wall x1 |
| 7:39 | _Hallis · wall_segment Palisade Wall x1 |
| 7:49 | Itz_Zenta · wall_segment Palisade Wall x2 |
| 7:56 | _Hallis · wall_segment Palisade Wall x1 |
| 8:51 | _Hallis · age_up feudal |
| 9:15 | Itz_Zenta · age_up feudal |
| 9:21 | Itz_Zenta · first_building Archery Range |
| 9:44 | _Hallis · wall_segment Palisade Wall x1 |
| 9:45 | _Hallis · wall_segment Palisade Wall x1 |
| 9:47 | _Hallis · wall_segment Palisade Wall x1 |
| 9:48 | _Hallis · wall_segment Palisade Wall x1 |
| 9:49 | _Hallis · wall_segment Palisade Wall x1 |
| 10:28 | _Hallis · wall_segment Palisade Wall x1 |
| 10:31 | _Hallis · wall_segment Palisade Wall x1 |
| 10:32 | _Hallis · wall_segment Palisade Wall x1 |
| 10:52 | _Hallis · first_building Barracks |
| 11:16 | _Hallis · wall_segment Palisade Wall x1 |
| 11:17 | _Hallis · wall_segment Palisade Wall x1 |
| 11:18 | _Hallis · wall_segment Palisade Wall x1 |
| 12:00 | _Hallis · first_building Archery Range |
| 12:40 | _Hallis · wall_segment Palisade Wall x5 |
| 14:12 | Itz_Zenta · wall_segment Palisade Wall x1 |
| 14:13 | Itz_Zenta · wall_segment Palisade Wall x1 |
| 15:36 | Itz_Zenta · first_building Stable |
| 17:38 | Itz_Zenta · wall_segment Palisade Wall x1 |
| 19:05 | Itz_Zenta · wall_segment Palisade Wall x1 |
| 20:26 | Itz_Zenta · first_market_sell 100 wood |
| 20:53 | _Hallis · wall_segment Palisade Wall x4 |
| 20:55 | _Hallis · wall_segment Palisade Wall x4 |
| 20:57 | _Hallis · wall_segment Palisade Wall x4 |
| 20:58 | _Hallis · wall_segment Palisade Wall x4 |
| 20:58 | _Hallis · wall_segment Palisade Wall x1 |
| 23:11 | _Hallis · wall_segment Palisade Wall x13 |
| 23:15 | Itz_Zenta · age_up castle |
| 23:18 | Itz_Zenta · first_building Siege Workshop |
| 23:34 | _Hallis · first_market_sell 100 stone |
| 23:37 | Itz_Zenta · wall_segment Palisade Wall x1 |
| 23:38 | Itz_Zenta · wall_segment Palisade Wall x1 |
| 23:38 | Itz_Zenta · wall_segment Palisade Wall x1 |
| 23:38 | Itz_Zenta · wall_segment Palisade Wall x1 |
| 23:39 | Itz_Zenta · wall_segment Palisade Wall x1 |
| 23:40 | Itz_Zenta · wall_segment Palisade Wall x1 |
| 23:40 | Itz_Zenta · wall_segment Palisade Wall x1 |
| 23:41 | Itz_Zenta · wall_segment Palisade Wall x1 |
| 23:41 | _Hallis · wall_segment Palisade Wall x6 |
| 23:53 | _Hallis · wall_segment Palisade Wall x1 |
| 23:55 | _Hallis · wall_segment Palisade Wall x1 |
| 24:09 | _Hallis · wall_segment Palisade Wall x1 |
| 24:22 | Itz_Zenta · wall_segment Palisade Wall x2 |
| 24:25 | _Hallis · first_market_buy 100 stone |
| 24:28 | _Hallis · first_building Stable |
| 24:54 | _Hallis · wall_segment Palisade Wall x1 |
| 24:55 | _Hallis · wall_segment Palisade Wall x1 |
| 26:14 | _Hallis · age_up castle |
| 27:14 | _Hallis · wall_segment Palisade Wall x1 |
| 27:29 | Itz_Zenta · first_market_buy 100 food |
| 32:12 | Itz_Zenta · wall_segment Palisade Wall x1 |
| 33:32 | Itz_Zenta · wall_segment Palisade Wall x1 |
| 34:04 | Itz_Zenta · wall_segment Palisade Wall x1 |
| 34:06 | Itz_Zenta · first_building Castle |
| 34:43 | Itz_Zenta · wall_segment Palisade Wall x1 |
| 36:25 | _Hallis · wall_segment Palisade Wall x1 |
| 37:06 | _Hallis · first_building Castle |
| 42:11 | _Hallis · first_building Monastery |
| 43:28 | _Hallis · first_building Siege Workshop |
| 46:21 | _Hallis · age_up imperial |
| 46:24 | Itz_Zenta · age_up imperial |
| 48:50 | _Hallis · wall_segment Palisade Wall x1 |
| 49:21 | _Hallis · wall_segment Palisade Wall x1 |
| 58:32 | Itz_Zenta · wall_segment Stone Wall x4 |
| 58:34 | Itz_Zenta · wall_segment Stone Wall x16 |
| 58:56 | Itz_Zenta · resign |
[ AI ANALYSIS · 1 CREDIT ]
What really happened in this match?
Wolo.gg analyzes every decision: build order, eco, micro, common mistakes by bracket. Personalized analysis on WhatsApp or Discord in 30 seconds.
Civ guide
Turks
Perfil
Jugador #24335740